 Dungeon Crawl Stone Soup version 0.24-a0-769-g368c164 (webtiles) character file.

Game seed: 1873416339797954449, levelgen mode: deterministic

129 2tousent the Ruffian (level 4, -2/35 HPs)
             Began as a Draconian Transmuter on Oct 4, 2019.
             Slain by a centaur
             ... wielding a cursed -1 shortbow
              (3 damage)
             ... on level 4 of the Dungeon.
             The game lasted 00:06:28 (2994 turns).

2tousent the Ruffian (Draconian Transmuter)         Turns: 2994, Time: 00:06:29

Health: -2/35      AC:  6    Str: 13    XL:     4   Next: 88%
Magic:  2/7        EV: 12    Int: 13    God:
Gold:   161        SH:  0    Dex: 12    Spells: 4/8 levels left

rFire    . . .     SeeInvis .     - Unarmed
rCold    . . .     Gourm    .   (no shield)
rNeg     . . .     Faith    .   (armour unavailable)
rPois    .         Spirit   .   (helmet restricted)
rElec    .         Reflect  .   (no cloak)
rCorr    .         Harm     .   (no gloves)
MR       .....                  j - +0 pair of boots
Stlth    +.........             (no amulet)
HPRegen  0.11/turn              (no ring)
MPRegen  0.10/turn              (no ring)

@: very slightly contaminated
A: unfitting armour, cold-blooded, AC +5
a: no special abilities


You were on level 4 of the Dungeon.
You were not hungry.

You visited 1 branch of the dungeon, and saw 4 of its levels.

You collected 161 gold pieces.

Inventory:

Missiles
 a - 12 arrows
 e - 7 datura-tipped darts (quivered)
Armour
 j - a +0 pair of boots (worn)
Scrolls
 b - 7 scrolls of identify {unknown}
 f - a scroll of random uselessness {unknown}
 h - a scroll of enchant weapon {unknown}
 l - a scroll of teleportation {unknown}
 m - 3 scrolls of noise {unknown}
 o - a scroll of remove curse {unknown}
 p - a scroll of fog {unknown}
 s - a scroll of magic mapping {unknown}
Potions
 d - 2 potions of heal wounds {unknown}
 g - 2 potions of might {unknown}
 i - a potion of curing {unknown}
 k - a potion of brilliance {unknown}
 n - a potion of invisibility {unknown}
 q - a potion of cancellation {unknown}
 t - 2 potions of lignification {unknown}
Comestibles
 c - 7 rations
 r - a chunk of flesh


   Skills:
 - Level 1.1 Fighting
 - Level 1.7 Dodging
 * Level 4.1 Unarmed Combat
 + Level 2.6 Spellcasting
 * Level 3.3 Transmutations
 * Level 1.6 Poison Magic


You had 4 spell levels left.
You knew the following spells:

 Your Spells              Type           Power        Failure   Level  Hunger
a - Beastly Appendage     Tmut           ##....       6%          1    #......
b - Spider Form           Tmut/Pois      #.........   26%         3    ###....

Your spell library contained the following spells:

 Spells                   Type           Power        Failure   Level  Hunger
 Sticks to Snakes         Tmut           ##......     10%         2    ###....
 Ice Form                 Ice/Tmut       #.......     77%         4    #####..
 Blade Hands              Tmut           ##........   86%         5    ######.


Dungeon Overview and Level Annotations

Branches:
Dungeon (4/15)
 Temple: D:4-7

Altars:
Nemelex Xobeh


Innate Abilities, Weirdness & Mutations

Your plain brown scales are hard. (AC +5)
You cannot fit into any form of body armour.
You are cold-blooded and may be slowed by cold attacks.


Message History

Waves of light ripple over your body.
Casting: Spider Form (safe; 26% risk of failure)
Confirm with . or Enter, or press ? or * to list all spells.
You don't have enough magic to cast that spell.
The centaur wields a cursed -1 shortbow.
The centaur shoots an arrow.
The arrow hits you!
The centaur shoots an arrow.
The arrow hits you!
You see here 2 arrows.
You start resting.
The centaur is too close now for your liking.
The centaur hits you with a cursed -1 shortbow!
You hit the centaur but do no damage.
The centaur hits you with a cursed -1 shortbow.
* * * LOW HITPOINT WARNING * * *
You hit the centaur.
The centaur is lightly wounded.
The centaur hits you with a cursed -1 shortbow.
* * * LOW HITPOINT WARNING * * *
The centaur hits you with a cursed -1 shortbow.
You die...

##.......<>.#
##..#..#####.#
##.##.##.## # #
##.##.8.##.##
#.#.####.####.##
#...#.###.#.#..#
#[.#.⌠.###.⌠.#.#
#...#.#(###.#..#
#.#..#.#@###...#
#.#.###c8.###..#
#.#. #.#.#.##....
....#.###.#.#..###
#..#.⌠ #.⌠.#.#
....# #.#..# .....
##.## ... . ..


You could see a centaur.

Vanquished Creatures
  A worker ant (D:4)
  2 adders (D:2)
  An ooze (D:1)
  A worm (D:2)
  5 dart slugs
  2 leopard geckos (D:2)
  3 giant cockroaches
  5 goblins
  8 hobgoblins
  5 jackals
  6 kobolds
  4 bats
  3 frilled lizards
  22 rats
68 creatures vanquished.

Notes
Turn   | Place    | Note
-------+----------+-------------------------------------------
     0 | D:1      | 2tousent the Draconian Transmuter began the quest for the
                  | Orb.
     0 | D:1      | Reached XP level 1. HP: 16/16 MP: 3/3
    26 | D:1      | Reached XP level 2. HP: 6/23 MP: 3/5
   488 | D:1      | Reached XP level 3. HP: 7/28 MP: 6/6
   865 | D:1      | Learned a level 3 spell: Spider Form
  1616 | D:2      | Reached XP level 4. HP: 35/35 MP: 7/7
  1648 | D:2      | Reached skill level 1 in Poison Magic
  2126 | D:3      | Found a sparkling altar of Nemelex Xobeh.
  2951 | D:4      | Reached skill level 4 in Unarmed Combat
  2984 | D:4      | Noticed a centaur
  2994 | D:4      | HP: 1/35 [centaur/cursed -1 shortbow (5)]
  2994 | D:4      | Slain by a centaur

Levels and vault maps discovered:
D:1:      erik_arrival_orb_chamber, layout_loops_ring
D:2:      layout_rooms, kennysheep_generic_room_15
D:3:      layout_basic, nemelex_xobeh_ov_fountains_minmay,
          minmay_goblin_kobold_house
D:4:      layout_loops_ring, lemuel_round_altar, kennysheep_mini_moat,
          grunt_temple_overflow_cloverleaf, grunt_decor_mini_mirrors

Skill      XL: |  1  2  3  4 |
---------------+-------------+-----
Poison Magic   | 1 |  1.6
Transmutations | 3 |  3.3
Unarmed Combat | 4 |  4.1
Fighting       | |  1.1
Dodging        | |  1.7
Spellcasting   | |  2.6

Action                   |  1- 3 |  4- 6 || total
-------------------------+-------+-------++-------
Melee: Unarmed           |   174 |    68 ||   242
       Kick              |     9 |       ||     9
       Tailslap          |    14 |     5 ||    19
       Headbutt          |     5 |       ||     5
 Cast: Beastly Appendage |    10 |     3 ||    13
       Spider Form       |       |     4 ||     4
  Eat: Chunk             |     3 |     5 ||     8
Armor: Skin              |    49 |    15 ||    64
Dodge: Dodged            |   110 |    46 ||   156

Table legend:
 A = Non-vault XP
 B = Vault XP
 C = Vault XP percentage of total XP
 D = Non-vault monster count
 E = Vault monster count
 F = Vault count percentage of total count
                 A         B        C        D         E       F
            +---------+---------+-------+---------+---------+-------
      Total |     167 |      18 |   9.7 |      52 |      16 |  23.5
            +---------+---------+-------+---------+---------+-------
        D:1 |      54 |      12 |  18.2 |      26 |      12 |  31.6
        D:2 |      66 |       1 |   1.5 |      20 |       1 |   4.8
        D:3 |       7 |       5 |  41.7 |       4 |       3 |  42.9
        D:4 |      40 |       0 |   0.0 |       2 |       0 |   0.0
            +---------+---------+-------+---------+---------+-------
